[Event "Titled Tuesday Blitz March 07 Early 2023"]
[White "Tagliati, Eleonore"]
[Black "Grunberg, Mihai-Lucian"]
[WhiteFideId "45172234"]
[BlackFideId "1204149"]
[WhiteElo "2220"]
[BlackElo "2363"]
[Result "0-1"]
[Round "04"]
[TimeControl "180+2"]
[Date "2023.03.07"]
[WhiteClock "0:00:04"]
[BlackClock "0:00:33"]

1. e4 Nf6 2. Nc3 d5 3. e5 Nfd7 4. d4 e6 5. f4 c5 6. Nf3 Nc6 7. Be3 a6 8. a3 b5 9. dxc5 Bxc5 10. Bxc5 Nxc5 11. b4 Nd7 12. Nd4 Bb7 13. Be2 Qb6 14. Nb3 Rc8 15. Qd2 O-O 16. O-O-O Rc7 17. Bd3 Rfc8 18. Ne2 a5 19. bxa5 Qf2 20. Rdf1 Qxg2 21. Rhg1 Qh3 22. Kb2 Na7 23. Ned4 Nc5 24. Nxc5 Rxc5 25. Rf3 Qh6 26. Rfg3 g6 27. Qb4 Qxf4 28. Nxe6 Qxb4+ 29. axb4 R5c6 30. Nc5 R8c7 31. h4 Re7 32. e6 fxe6 33. h5 e5 34. hxg6 hxg6 35. Bxg6 Kf8 36. Bf5 Rf7 37. Rg8+ Ke7 38. R1g7 Rf6 39. Bg6 Rxg6 40. Rxg6 Bc6 41. R6g7 d4 42. Rxf7+ Kxf7 43. Rh8 e4 44. Rh7+ Kg6 45. Rxa7 e3 46. Re7 Kf6 47. Nd3 Kxe7 48. Kc1 Kd6 49. Kd1 Bf3+ 50. Ke1 Kd5 51. Nf4+ Kc4 52. Nd3 Kc3 53. Nc5 Kxc2 54. a6 d3 55. a7 d2+ 0-1


[Site "https://www.chess.com"]

[Event "Titled Tuesday Blitz March 07 Early 2023"]
[White "Hernandez Sanchez, Elvis De La Caridad"]
[Black "Chabris, Christopher"]
[WhiteFideId "6400353"]
[BlackFideId "2005263"]
[WhiteElo "2462"]
[BlackElo "2220"]
[Result "1-0"]
[Round "04"]
[TimeControl "180+2"]
[Date "2023.03.07"]
[WhiteClock "0:00:02"]
[BlackClock "0:00:01"]

1. d4 Nf6 2. c4 e6 3. Nf3 Bb4+ 4. Bd2 c5 5. Bxb4 cxb4 6. e3 O-O 7. Bd3 b6 8. a3 bxa3 9. Rxa3 Nc6 10. O-O Nb4 11. Be2 a5 12. Nc3 Bb7 13. Ne5 d6 14. Bf3 Bxf3 15. Nxf3 Rc8 16. Nd2 e5 17. Nb5 exd4 18. exd4 d5 19. cxd5 Qxd5 20. Qa4 Rfe8 21. Nf3 h6 22. Rc3 Rxc3 23. bxc3 Nd3 24. Nc7 b5 25. Qc2 Qc4 26. Nxe8 Nxe8 27. Ne5 Nxe5 28. dxe5 Nc7 29. Rd1 Ne6 30. Qd3 Qc5 31. g3 Qxe5 32. Qf3 Ng5 33. Qd3 g6 34. h4 Ne6 35. Rb1 a4 36. Rxb5 Qe1+ 37. Kg2 a3 38. Ra5 Qc1 39. Qa6 Qd2 40. Qa8+ Kg7 41. Rxa3 Nc5 42. Qf3 Nd3 43. Qe3 Ne1+ 44. Kf1 1-0


[Site "https://www.chess.com"]

[Event "Titled Tuesday Blitz March 07 Early 2023"]
[White "Hartikainen, Jarmo"]
[Black "Bozorov, Makhsum"]
[WhiteFideId "503134"]
[BlackFideId "14201330"]
[WhiteElo "2208"]
[BlackElo "2462"]
[Result "0-1"]
[Round "04"]
[TimeControl "180+2"]
[Date "2023.03.07"]
[WhiteClock "0:00:01"]
[BlackClock "0:00:20"]

1. e4 c5 2. c3 Nf6 3. e5 Nd5 4. d4 cxd4 5. Nf3 Nc6 6. cxd4 d6 7. Nc3 dxe5 8. dxe5 Nxc3 9. Qxd8+ Nxd8 10. bxc3 Bd7 11. a4 e6 12. Be3 Be7 13. Be2 Bc6 14. Bb5 a6 15. Bxc6+ Nxc6 16. O-O O-O-O 17. Rfd1 Rxd1+ 18. Rxd1 Rd8 19. Rxd8+ Kxd8 20. Kf1 Kd7 21. Ke2 Bd8 22. Kd3 h6 23. Bc5 Bc7 24. Bd4 Ne7 25. g4 Kc6 26. Nd2 b5 27. axb5+ Kxb5 28. Ne4 Nc6 29. c4+ Ka5 30. Nd6 Bxd6 31. exd6 f6 32. f4 Kb4 33. c5 Kb5 34. h4 Nb8 35. g5 hxg5 36. hxg5 Nd7 37. gxf6 gxf6 38. Kc3 a5 39. Kb3 e5 40. fxe5 fxe5 41. Be3 a4+ 42. Ka3 e4 43. Bd4 Nb8 44. Be3 Nc6 45. Bf2 Ne5 46. Bd4 Nc4+ 47. Ka2 Kc6 48. Bc3 e3 0-1


[Site "https://www.chess.com"]

[Event "Titled Tuesday Blitz March 07 Early 2023"]
[White "Dudzinski, Pawel"]
[Black "mestrefeitosa19"]
[WhiteFideId "1117890"]
[WhiteElo "2099"]
[BlackElo "2208"]
[Result "1-0"]
[Round "04"]
[TimeControl "180+2"]
[Date "2023.03.07"]
[WhiteClock "0:00:06"]
[BlackClock "0:00:02"]

1. e4 e5 2. Nf3 Nc6 3. d4 exd4 4. Nxd4 Bc5 5. Nxc6 bxc6 6. Bc4 Nf6 7. e5 Qe7 8. Qe2 Nd5 9. O-O O-O 10. c3 d6 11. exd6 Qxe2 12. Bxe2 cxd6 13. Bf3 Be6 14. Nd2 Nf4 15. Ne4 Nd3 16. Nxc5 dxc5 17. Bxc6 Rab8 18. b3 Rfd8 19. Be3 Rd6 20. Be4 Rbd8 21. Bxd3 Rxd3 22. Bxc5 Rxc3 23. Bxa7 Ra8 24. Be3 Rc2 25. Rfd1 h6 26. Rd2 Bxb3 27. Rxc2 Bxc2 28. h4 Bb3 29. a3 Ba4 30. Rc1 Kh7 31. Rc7 Bb3 32. Bc5 Kg6 33. Kh2 Kh5 34. Kg3 Ra4 35. f4 g5 36. hxg5 hxg5 37. fxg5 Rg4+ 38. Kf2 Kxg5 39. Be3+ Kf5 40. Rc5+ Kg6 41. Rb5 Bd1 42. Rd5 Bb3 43. Rd6+ Kf5 44. Rb6 Be6 45. g3 Ra4 46. Rb5+ Kg4 47. Bc5 Rc4 48. Bd6 Rc2+ 49. Ke3 Rc3+ 50. Kd4 Rc4+ 51. Ke5 Rc1 52. Kf6 Rf1+ 53. Ke7 Ra1 54. Rb4+ Kh3 55. Kd8 Bg4 56. Rf4 Be6 57. Kc7 Rc1+ 58. Kb6 Rb1+ 59. Ka5 Ra1 60. a4 Bb3 61. Rb4 Bd1 62. Kb5 Kg2 63. a5 Be2+ 64. Kb6 Kh3 65. Rh4+ Kg2 66. Re4 Bf3 67. Rf4 Be2 68. Rxf7 Rb1+ 69. Ka7 Ra1 70. Bc7 Rb1 71. Re7 Bf3 72. Bb6 Rd1 73. Rg7 Ra1 74. g4 Kh3 75. g5 Kh4 76. g6 Kh5 77. Rg8 Kh6 78. g7 Kh7 79. Rf8 Bd5 80. Rd8 Bg8 81. Rd2 Kxg7 82. Bd4+ Kh7 83. Bxa1 1-0


[Site "https://www.chess.com"]

[Event "Titled Tuesday Blitz March 07 Early 2023"]
[White "Castellano, Christopher"]
[Black "Rosh Jain"]
[WhiteFideId "5203651"]
[BlackFideId "25789465"]
[WhiteElo "2171"]
[BlackElo "2233"]
[Result "1-0"]
[Round "04"]
[TimeControl "180+2"]
[Date "2023.03.07"]
[WhiteClock "0:01:01"]
[BlackClock "0:00:14"]

1. d4 Nf6 2. Bf4 d5 3. e3 e6 4. Nf3 Bd6 5. Bg3 c5 6. Nbd2 Qc7 7. c3 Nbd7 8. dxc5 Qxc5 9. b4 Qc7 10. c4 Bxg3 11. hxg3 b6 12. Rc1 Qd6 13. Qb3 Bb7 14. Be2 O-O 15. O-O dxc4 16. Nxc4 Qe7 17. Rfd1 Bd5 18. Qb1 Rac8 19. Nce5 Nxe5 20. Nxe5 Rfd8 21. b5 Qa3 22. Rxc8 Rxc8 23. Nc6 Bxa2 24. Qa1 Nd5 25. Bc4 Nxe3 26. Rd3 Nc2 27. Rxa3 Nxa1 28. Rxa2 1-0


[Site "https://www.chess.com"]

[Event "Titled Tuesday Blitz March 07 Early 2023"]
[White "Fawzy, Adham"]
[Black "babbilator"]
[WhiteFideId "10613129"]
[WhiteElo "2539"]
[BlackElo "2196"]
[Result "0-1"]
[Round "04"]
[TimeControl "180+2"]
[Date "2023.03.07"]
[WhiteClock "0:00:01"]
[BlackClock "0:00:12"]

1. e4 c5 2. Nf3 e6 3. d4 cxd4 4. Nxd4 Nc6 5. Nc3 Qc7 6. Be3 a6 7. g4 h6 8. Qd2 Nf6 9. f3 Bb4 10. a3 Bxc3 11. Qxc3 d5 12. Nxc6 Qxc6 13. Qxc6+ bxc6 14. exd5 exd5 15. O-O-O Be6 16. Bd3 Nd7 17. h4 c5 18. Be2 d4 19. Bf2 O-O 20. b4 Rfc8 21. bxc5 Nxc5 22. Kd2 d3 23. Bxd3 Bd5 0-1


[Site "https://www.chess.com"]

[Event "Titled Tuesday Blitz March 07 Early 2023"]
[White "Bowden, Karl"]
[Black "Bashirli, Saadat"]
[WhiteFideId "400548"]
[BlackFideId "13429990"]
[WhiteElo "2445"]
[BlackElo "1408"]
[Result "1-0"]
[Round "04"]
[TimeControl "180+2"]
[Date "2023.03.07"]
[WhiteClock "0:00:19"]
[BlackClock "0:01:03"]

1. e4 c5 2. c3 Nf6 3. e5 Nd5 4. d4 cxd4 5. cxd4 d6 6. Nf3 dxe5 7. dxe5 g6 8. Bc4 Be6 9. Ng5 Bg7 10. Nxe6 fxe6 11. O-O O-O 12. f4 Nc6 13. Nc3 Qb6+ 14. Kh1 Rad8 15. Nxd5 exd5 16. Bxd5+ Kh8 17. Qb3 Na5 18. Qxb6 axb6 19. Bf3 Rd7 20. b3 Nc6 21. Be3 b5 22. Rad1 Rfd8 23. Bb6 Rxd1 24. Rxd1 Rxd1+ 25. Bxd1 b4 26. Bf3 Bh6 27. g3 g5 28. Bxc6 bxc6 29. fxg5 Bxg5 30. Bc5 Kg7 31. Bxb4 Kf7 32. Kg2 Ke6 33. Bc3 Bc1 34. Kf3 Ba3 35. Ke4 Bc5 36. a4 Ba7 37. b4 Bg1 38. h3 Bf2 39. g4 h6 40. Bd4 Be1 41. a5 Bxb4 42. a6 c5 43. a7 cxd4 44. a8=Q d3 45. Qd5# 1-0


[Site "https://www.chess.com"]

[Event "Titled Tuesday Blitz March 07 Early 2023"]
[White "Aarav Dengla"]
[Black "Osuna Vega, Enrique"]
[WhiteFideId "45059756"]
[BlackFideId "2219549"]
[WhiteElo "2285"]
[BlackElo "2187"]
[Result "1-0"]
[Round "04"]
[TimeControl "180+2"]
[Date "2023.03.07"]
[WhiteClock "0:00:04"]
[BlackClock "0:00:01"]

1. e4 d6 2. d4 Nf6 3. Nc3 e5 4. Nf3 Nbd7 5. h3 Be7 6. Be3 c6 7. Be2 b5 8. a3 a6 9. Qd2 Qc7 10. O-O O-O 11. Rfd1 Bb7 12. Nh4 Nxe4 13. Nxe4 Bxh4 14. dxe5 Nxe5 15. Nxd6 Rad8 16. Bf4 Bf6 17. Qb4 c5 18. Qd2 Rd7 19. Bg4 Qc6 20. f3 Nxg4 21. hxg4 Bd4+ 22. Kh1 Rxd6 23. Bxd6 Qxd6 24. c3 f5 25. cxd4 fxg4 26. fxg4 Qg3 27. Rf1 Rd8 28. Qf4 Qh3+ 29. Qh2 Qxg4 30. dxc5 h6 31. Rf4 Qe2 32. Raf1 Rd2 33. R4f2 1-0


[Site "https://www.chess.com"]

[Event "Titled Tuesday Blitz March 07 Early 2023"]
[White "Mouhamad, Joachim"]
[Black "Sailer, Mike"]
[WhiteFideId "656410"]
[BlackFideId "2012901"]
[WhiteElo "2164"]
[BlackElo "2109"]
[Result "0-1"]
[Round "04"]
[TimeControl "180+2"]
[Date "2023.03.07"]
[WhiteClock "0:00:17"]
[BlackClock "0:00:02"]

1. e4 d5 2. exd5 Qxd5 3. Nc3 Qd6 4. d4 Nf6 5. Nf3 c6 6. Ne5 Nbd7 7. Nc4 Qc7 8. Qf3 Nb6 9. Bf4 Qd8 10. O-O-O Bg4 11. Qd3 Bxd1 12. Nxd1 Nxc4 13. Qxc4 Qd5 14. Qb4 b5 15. Ne3 Qxa2 16. Qc5 Rc8 17. f3 e6 18. Qg5 Qa1+ 19. Kd2 Qxb2 20. Bd3 Bb4+ 21. Ke2 O-O 22. Be5 Be7 23. Qh4 h6 24. Bxf6 Bxf6 25. Qe4 g6 26. h4 Qxd4 27. h5 Qxe4 28. Bxe4 g5 29. g3 Bd4 30. Nd1 f5 31. Bd3 Bb6 32. f4 g4 33. c4 a6 34. Nb2 Rfd8 35. Rc1 Kf7 36. Bc2 b4 37. Nd3 a5 38. c5 Bc7 39. Bb3 Kf6 40. Ra1 Rd4 41. Ba4 Rcd8 42. Rd1 Re4+ 43. Kd2 e5 44. Bxc6 Red4 45. fxe5+ Bxe5 46. Ke2 Bxg3 47. Bb5 Re4+ 48. Kf1 Red4 49. c6 Bc7 50. Ke2 f4 51. Rg1 Kg5 52. Ba6 f3+ 53. Ke3 Bf4+ 54. Nxf4 Rxf4 55. c7 Re8+ 56. Kf2 Rfe4 57. Kf1 Re1+ 58. Kf2 R8e2+ 59. Kg3 Rxg1# 0-1


[Site "https://www.chess.com"]

[Event "Titled Tuesday Blitz March 07 Early 2023"]
[White "Kho, Darrell"]
[Black "Devaev, Alexander"]
[WhiteFideId "1019317"]
[BlackFideId "4169395"]
[WhiteElo "2169"]
[BlackElo "2225"]
[Result "0-1"]
[Round "04"]
[TimeControl "180+2"]
[Date "2023.03.07"]
[WhiteClock "0:00:16"]
[BlackClock "0:01:09"]

1. e4 c6 2. d4 d5 3. exd5 cxd5 4. Bd3 Nc6 5. c3 g6 6. Nf3 Nh6 7. O-O Bg7 8. Re1 O-O 9. Bg5 f6 10. Bf4 Nf7 11. Bc2 e5 12. dxe5 fxe5 13. Bg3 Bg4 14. h3 Be6 15. Nbd2 e4 16. Nb3 exf3 17. Rxe6 fxg2 18. Nd4 Nxd4 19. cxd4 Ng5 20. Re3 Nxh3+ 21. Kxg2 Nf4+ 22. Bxf4 Rxf4 23. Qd3 Rxd4 24. Qe2 Qg5+ 25. Rg3 Qf6 26. Re1 Rf8 27. Bb3 Kh8 28. Rf3 Rg4+ 0-1


[Site "https://www.chess.com"]

[Event "Titled Tuesday Blitz March 07 Early 2023"]
[White "Tymrakiewicz, Rafal"]
[Black "Fabris, Alberto"]
[WhiteFideId "1108832"]
[BlackFideId "801348"]
[WhiteElo "2151"]
[BlackElo "2143"]
[Result "1-0"]
[Round "04"]
[TimeControl "180+2"]
[Date "2023.03.07"]
[WhiteClock "0:00:14"]
[BlackClock "0:00:43"]

1. e4 c5 2. d4 cxd4 3. c3 d3 4. Bxd3 Nc6 5. Be3 g6 6. f4 Bg7 7. Nf3 d6 8. O-O Nf6 9. h3 O-O 10. Nbd2 Qc7 11. Qe1 d5 12. e5 Nd7 13. Nd4 Nxd4 14. cxd4 Qb6 15. Rb1 e6 16. g4 Nb8 17. Qg3 Nc6 18. Nf3 Nb4 19. Be2 Bd7 20. a3 Nc2 21. Bf2 Bb5 22. Bxb5 Qxb5 23. f5 Rfc8 24. Ng5 exf5 25. gxf5 Qe2 26. Rbe1 Nxe1 27. Rxe1 Qxb2 28. Qh4 h6 29. Nxf7 Kxf7 30. f6 Re8 31. fxg7 Re6 32. Be3 g5 33. Qg4 Ke7 34. Bxg5+ hxg5 35. Qxg5+ Kd7 36. g8=Q Rxg8 37. Qxg8 Qxd4+ 38. Kh1 Rxe5 39. Qg7+ Kd6 40. Qf6+ Kc5 41. Qxe5 Qh4 42. Rc1+ Kb6 43. Qd6+ Ka5 44. Qc5+ Ka4 45. Qb4+ Qxb4 46. axb4 Kxb4 47. Rb1+ Kc3 48. Rxb7 d4 49. Rxa7 d3 50. Rc7+ Kd4 51. Rd7+ Ke3 52. h4 d2 53. h5 1-0


[Site "https://www.chess.com"]

[Event "Titled Tuesday Blitz March 07 Early 2023"]
[White "Michalski, Olaf"]
[Black "Golubev, Mikhail"]
[WhiteFideId "1106740"]
[BlackFideId "14100983"]
[WhiteElo "2173"]
[BlackElo "2374"]
[Result "0-1"]
[Round "04"]
[TimeControl "180+2"]
[Date "2023.03.07"]
[WhiteClock "0:00:06"]
[BlackClock "0:01:05"]

1. d4 Nf6 2. Nf3 d6 3. Bf4 Nbd7 4. e3 g6 5. h3 Bg7 6. c4 O-O 7. Nc3 c6 8. Be2 a6 9. b4 b5 10. c5 Nh5 11. Bh2 dxc5 12. bxc5 Nxc5 13. g4 Qa5 14. Qd2 Nb3 15. axb3 Qxa1+ 16. Bd1 Nf6 17. O-O Qa3 18. Bc2 Qb4 19. Ne5 Bb7 20. Qd3 c5 21. Na2 Qa5 22. Ra1 cxd4 23. b4 Qb6 24. exd4 Rad8 25. f3 Rxd4 0-1


[Site "https://www.chess.com"]

[Event "Titled Tuesday Blitz March 07 Early 2023"]
[White "Dodaro, Mattia"]
[Black "Lorenzo De La Riva, Lazaro"]
[WhiteFideId "28583400"]
[BlackFideId "2268809"]
[WhiteElo "2425"]
[BlackElo "2294"]
[Result "1-0"]
[Round "04"]
[TimeControl "180+2"]
[Date "2023.03.07"]
[WhiteClock "0:00:33"]
[BlackClock "0:00:13"]

1. g4 Nc6 2. Bg2 e5 3. c4 h5 4. gxh5 Nf6 5. h6 Rxh6 6. d4 Rg6 7. Bxc6 bxc6 8. dxe5 Ng4 9. Bf4 Bc5 10. e3 Bb4+ 11. Nd2 d6 12. exd6 cxd6 13. Nf3 a5 14. a3 Bc5 15. Ne4 Qb6 16. Bxd6 Bxe3 17. fxe3 Nxe3 18. Qe2 Re6 19. Bc5 Qb3 20. Nd4 Nc2+ 21. Qxc2 Qxc2 22. Nxc2 Rxe4+ 23. Kd2 Be6 24. Ne3 O-O-O+ 25. Kc2 Bxc4 26. Rad1 Rde8 27. Nf5 Re2+ 28. Kc3 Bd5 29. Nd6+ Kd7 30. Nxe8 Kxe8 31. Rhe1 Rxe1 32. Rxe1+ 1-0


[Site "https://www.chess.com"]

[Event "Titled Tuesday Blitz March 07 Early 2023"]
[White "Matko, Ognjen"]
[Black "Ardila, Oscar Humberto"]
[WhiteFideId "14509717"]
[BlackFideId "4404742"]
[WhiteElo "2248"]
[BlackElo "1911"]
[Result "0-1"]
[Round "04"]
[TimeControl "180+2"]
[Date "2023.03.07"]
[WhiteClock "0:00:04"]
[BlackClock "0:00:12"]

1. e4 e5 2. Nf3 Nf6 3. Nxe5 d6 4. Nf3 Nxe4 5. d4 Be7 6. Bd3 Nf6 7. h3 O-O 8. O-O Nbd7 9. c4 Re8 10. Nc3 Nf8 11. Re1 Ng6 12. Bc2 Be6 13. d5 Bc8 14. Qd3 Nd7 15. Be3 Bf6 16. b3 Nc5 17. Qd2 a5 18. Rac1 Bd7 19. Nd4 Qc8 20. Ndb5 Na6 21. Bd4 Bxd4 22. Qxd4 Nc5 23. h4 Bxb5 24. Nxb5 Qd7 25. h5 Ne5 26. h6 gxh6 27. Re3 f6 28. Rg3+ Kh8 29. f3 Rg8 30. Qf4 Rxg3 31. Qxg3 Rg8 32. Qf4 Qg7 33. g4 Ncd3 34. Bxd3 Nxd3 35. Qe3 Nxc1 36. Qxc1 h5 37. Nd4 hxg4 38. Ne6 Qg6 39. f4 g3 40. Kg2 Qh5 41. Qc3 Qh2+ 42. Kf3 Qf2+ 43. Ke4 Qe2+ 44. Kf5 Qg4+ 45. Ke4 Qg6+ 46. f5 Qg4+ 47. Nf4 Re8+ 48. Kd3 Qxf5+ 0-1


[Site "https://www.chess.com"]

[Event "Titled Tuesday Blitz March 07 Early 2023"]
[White "Sargissyan, Sargis"]
[Black "Vanek, Tomas"]
[WhiteFideId "13303210"]
[BlackFideId "313459"]
[WhiteElo "2109"]
[BlackElo "2052"]
[Result "1-0"]
[Round "04"]
[TimeControl "180+2"]
[Date "2023.03.07"]
[WhiteClock "0:00:10"]
[BlackClock "0:00:14"]

1. c4 f5 2. Nc3 Nf6 3. d4 g6 4. g3 Bg7 5. Bg2 d6 6. Nf3 Nc6 7. O-O O-O 8. d5 Na5 9. Nd2 e5 10. b4 e4 11. bxa5 Nxd5 12. cxd5 Bxc3 13. Rb1 Qf6 14. Nc4 Rb8 15. Qc2 b5 16. axb6 cxb6 17. Nxd6 Ba6 18. Nb5 Be5 19. f4 Bd4+ 20. Nxd4 Qxd4+ 21. Kh1 Rbc8 22. Qb2 Qxd5 23. Be3 Rfd8 24. Rbc1 Rxc1 25. Rxc1 Bc4 26. a3 Kf7 27. Bf1 b5 28. Qb4 a6 29. h4 Rd7 30. a4 Rd8 31. axb5 axb5 32. Ra1 Rd7 33. Kg2 h6 34. Kf2 Qd6 35. Bc5 Qd5 36. Ra6 e3+ 37. Bxe3 Qh1 38. Qc3 Qd5 39. Qf6+ Ke8 40. Re6+ Re7 41. Qxe7# 1-0


[Site "https://www.chess.com"]

[Event "Titled Tuesday Blitz March 07 Early 2023"]
[White "Vaglio Mattey, Emanuel"]
[Black "Nan, M K Khine Hlyan"]
[WhiteFideId "6504167"]
[BlackFideId "13002899"]
[WhiteElo "2266"]
[BlackElo "1943"]
[Result "1-0"]
[Round "04"]
[TimeControl "180+2"]
[Date "2023.03.07"]
[WhiteClock "0:00:10"]
[BlackClock "0:00:13"]

1. d4 Nf6 2. Nf3 g6 3. Bg5 Bg7 4. Nbd2 h6 5. Bh4 d6 6. e4 Bg4 7. h3 Bxf3 8. Qxf3 Nbd7 9. Bc4 c5 10. c3 cxd4 11. cxd4 e5 12. dxe5 Nxe5 13. Bb5+ Nfd7 14. Bxd8 Nxf3+ 15. Nxf3 Rxd8 16. O-O-O O-O 17. Rxd6 Rc8+ 18. Kb1 Nc5 19. Re1 a6 20. Bd3 Na4 21. e5 Rfd8 22. Rxd8+ Rxd8 23. Bc2 Nc5 24. b4 Ne6 25. Be4 Nf4 26. Bxb7 Rb8 27. Bxa6 Rxb4+ 28. Ka1 Nxg2 29. Rd1 Nh4 30. a3 Ra4 31. Nxh4 Rxa3+ 32. Kb2 Rxa6 33. f4 g5 34. Nf5 gxf4 35. Rg1 Rg6 36. Ne7+ Kh7 37. Nxg6 fxg6 38. Kc3 Bxe5+ 39. Kd3 g5 40. Ke4 Bc3 41. Kf5 Bd4 42. Rd1 Be3 43. Rd7+ Kg8 44. Kg6 Kf8 45. Rf7+ Ke8 46. Rf5 Ke7 47. Kxh6 Ke6 48. Rf8 Ke5 49. Kh5 Ke4 50. Kg4 Bd4 51. Rf5 Be3 52. Rf7 Kd3 53. Kf3 Kd4 54. Rf5 Kd3 55. Rxg5 Kd2 56. h4 1-0


[Site "https://www.chess.com"]

[Event "Titled Tuesday Blitz March 07 Early 2023"]
[White "Lohani, Sujana"]
[Black "Kumaran, B"]
[WhiteFideId "12311987"]
[BlackFideId "5038472"]
[WhiteElo "1718"]
[BlackElo "2198"]
[Result "0-1"]
[Round "04"]
[TimeControl "180+2"]
[Date "2023.03.07"]
[WhiteClock "0:00:06"]
[BlackClock "0:00:36"]

1. d4 Nf6 2. Nf3 e6 3. c4 b6 4. g3 Ba6 5. Nbd2 Bb4 6. Qc2 O-O 7. Bg2 d5 8. cxd5 exd5 9. a3 Bd6 10. e3 c5 11. dxc5 bxc5 12. Nb1 Nc6 13. Nc3 d4 14. Na4 Re8 15. Nxc5 Qa5+ 16. b4 Nxb4 17. axb4 Qxa1 18. Nxd4 Qxd4 19. Nxa6 Rad8 20. O-O Qb6 21. Qa4 h5 22. Bb2 Ng4 23. b5 Be5 24. Bxe5 Rxe5 25. Nb4 Qxb5 26. Qxb5 Rxb5 27. Nc6 Rd7 28. Ra1 Rb2 29. Nxa7 Rxf2 30. h3 Rdd2 31. hxg4 Rxg2+ 32. Kf1 Rh2 33. Ke1 Rb2 34. Rd1 Rh1# 0-1


[Site "https://www.chess.com"]

[Event "Titled Tuesday Blitz March 07 Early 2023"]
[White "Sadubayev, Airat"]
[Black "Bogaudinov, Rushan"]
[WhiteFideId "13713264"]
[BlackFideId "4129288"]
[WhiteElo "2129"]
[BlackElo "1949"]
[Result "0-1"]
[Round "04"]
[TimeControl "180+2"]
[Date "2023.03.07"]
[WhiteClock "0:00:04"]
[BlackClock "0:00:12"]

1. d4 Nf6 2. c4 e6 3. Nf3 Bb4+ 4. Bd2 a5 5. g3 O-O 6. Bg2 d5 7. O-O Nc6 8. a3 Be7 9. Nc3 dxc4 10. e3 Rb8 11. Nb5 Nd5 12. Qe2 Nb6 13. Rfc1 a4 14. Bf1 Bd7 15. Qe1 e5 16. Bxc4 e4 17. d5 exf3 18. dxc6 Nxc4 19. cxd7 Nxb2 20. Qf1 c6 21. Nd4 Qxd7 22. Bc3 c5 23. Nxf3 Nd3 24. Rd1 c4 25. Ne5 Qe6 26. Nxd3 cxd3 27. Qxd3 Rfd8 28. Bd4 b5 29. Qc2 Qc4 30. Qb2 f6 31. Rac1 Qb3 32. Qxb3+ axb3 33. Rb1 Bxa3 34. Rxb3 Bd6 35. Rdb1 b4 36. Kg2 Kf7 37. Kf3 f5 38. Ke2 Ke6 39. Kd3 g6 40. Kd2 Kd5 41. Kd3 Bc5 42. Ke2 Bxd4 43. exd4 Kc4 44. R1b2 Rxd4 45. Rb1 Re8+ 46. Kf1 Kb5 47. R3b2 Rc8 48. Rb3 Rcc4 49. R3b2 Rc3 50. Rb3 Rxb3 51. Rxb3 Kc4 52. Rb1 b3 53. Ke2 Kc3 54. Ke3 Rd3+ 55. Ke2 Rd2+ 56. Ke3 Rc2 57. Rd1 b2 58. Rd3+ Kc4 59. Rd4+ Kc5 60. Rd1 Rc1 61. Rd8 b1=Q 62. Rc8+ Kd6 63. Rd8+ Ke7 64. Ra8 Qe4+ 0-1


[Site "https://www.chess.com"]

[Event "Titled Tuesday Blitz March 07 Early 2023"]
[White "Gontcharov, Vladislav"]
[Black "Zampronha, Wladimir Camilo"]
[WhiteFideId "4123492"]
[BlackFideId "2103087"]
[WhiteElo "2470"]
[BlackElo "2176"]
[Result "1/2-1/2"]
[Round "04"]
[TimeControl "180+2"]
[Date "2023.03.07"]
[WhiteClock "0:01:20"]
[BlackClock "0:00:16"]

1. e4 c5 2. Nf3 e6 3. d4 cxd4 4. Nxd4 Nc6 5. Nc3 Qc7 6. g3 a6 7. Bg2 Nf6 8. O-O d6 9. Bg5 Be7 10. Re1 O-O 11. Nxc6 bxc6 12. e5 dxe5 13. Bxf6 Bxf6 14. Qe2 Rb8 15. Ne4 Be7 16. c4 f5 17. Nc3 Bf6 18. Rac1 e4 19. Kh1 Qe5 20. b3 Rd8 21. f3 exf3 22. Qxf3 Qc7 23. Qxc6 Qxc6 24. Bxc6 Rd2 25. Bg2 Kf7 26. c5 Bxc3 27. Rxc3 Rxa2 28. h4 Rb2 29. Ree3 Rb4 30. Red3 a5 31. c6 a4 32. bxa4 Rxa4 33. Rd8 Ra1+ 34. Kh2 Raa2 35. Rxc8 Rxg2+ 36. Kh1 Rh2+ 37. Kg1 Rag2+ 38. Kf1 Ra2 39. Kg1 Rag2+ 40. Kf1 Ra2 41. Kg1 1/2-1/2


[Site "https://www.chess.com"]

[Event "Titled Tuesday Blitz March 07 Early 2023"]
[White "Rodriguez Fontecha, Marcos"]
[Black "Bruned, Boris"]
[WhiteFideId "2256576"]
[BlackFideId "621790"]
[WhiteElo "2263"]
[BlackElo "2049"]
[Result "1-0"]
[Round "04"]
[TimeControl "180+2"]
[Date "2023.03.07"]
[WhiteClock "0:00:57"]
[BlackClock "0:00:01"]

1. e4 b6 2. Nc3 Bb7 3. g3 e6 4. Bg2 c5 5. d3 g6 6. Nge2 Bg7 7. Be3 d5 8. exd5 exd5 9. d4 c4 10. O-O Ne7 11. Bg5 f6 12. Bf4 O-O 13. Qd2 Qd7 14. h4 h5 15. Bh6 Nbc6 16. Bxg7 Kxg7 17. Nf4 Nf5 18. Bh3 Ncxd4 19. Qxd4 Nxd4 20. Bxd7 Rad8 21. Be6 g5 22. Bxd5 gxf4 23. Bxb7 Nxc2 24. Rad1 fxg3 25. fxg3 Ne3 26. Rxd8 Rxd8 27. Re1 Ng4 28. Bd5 b5 29. a3 a5 30. Re7+ 1-0


[Site "https://www.chess.com"]

[Event "Titled Tuesday Blitz March 07 Early 2023"]
[White "Qashashvili, Alexandre"]
[Black "Hoffmann, Asa"]
[WhiteFideId "13600842"]
[BlackFideId "2001470"]
[WhiteElo "2405"]
[BlackElo "2117"]
[Result "0-1"]
[Round "04"]
[TimeControl "180+2"]
[Date "2023.03.07"]
[WhiteClock "0:00:02"]
[BlackClock "0:01:12"]

1. e4 d6 2. Nc3 c6 3. Nf3 Bg4 4. Be2 e6 5. h3 Bh5 6. d4 d5 7. exd5 cxd5 8. Bf4 Nc6 9. Ne5 Bxe2 10. Nxe2 Nf6 11. Nxc6 bxc6 12. c3 Bd6 13. Bxd6 Qxd6 14. O-O O-O 15. Qd2 c5 16. dxc5 Qxc5 17. Qd4 Rfc8 18. Qxc5 Rxc5 19. Nd4 a5 20. Rfe1 Rb8 21. Re2 a4 22. a3 Ne4 23. Rc1 g6 24. f3 Nd6 25. Rcc2 Nc4 26. Kf2 e5 27. Kg3 exd4 28. cxd4 Rcb5 29. Re7 Rxb2 30. Rc1 Rd2 31. Ra7 Nxa3 32. Rxa4 Nc4 33. h4 Rxd4 34. h5 gxh5 35. Rh1 h4+ 36. Rxh4 Rxh4 37. Kxh4 Rd8 38. Kg3 Ne3 39. Kf2 d4 40. Ke2 Nxg2 41. Kd2 h5 42. Ra5 h4 43. Rg5+ Kh7 44. Rxg2 Kh6 45. Kd3 Kh5 46. Rg7 f5 47. Kd2 Rd6 48. Kd3 Kh6 49. Rg8 Rd7 0-1


[Site "https://www.chess.com"]

[Event "Titled Tuesday Blitz March 07 Early 2023"]
[White "Pein, Jonathan"]
[Black "Blokhin, Sofia"]
[WhiteFideId "417092"]
[BlackFideId "4508190"]
[WhiteElo "2151"]
[BlackElo "1994"]
[Result "1-0"]
[Round "04"]
[TimeControl "180+2"]
[Date "2023.03.07"]
[WhiteClock "0:00:31"]
[BlackClock "0:00:09"]

1. e4 c5 2. Nf3 e6 3. b4 cxb4 4. d4 d5 5. e5 Nc6 6. a3 a6 7. Bd3 Qb6 8. O-O Nge7 9. Nbd2 Ng6 10. Nb3 Bd7 11. h4 Be7 12. h5 Nh4 13. Nxh4 Bxh4 14. Qg4 Be7 15. axb4 Nxb4 16. Qxg7 O-O-O 17. Qxf7 Rde8 18. Ba3 Rhf8 19. Qxh7 Rh8 20. Qg7 Nxd3 21. Bxe7 Rhg8 22. Qf6 Nf4 23. Qxf4 Rxe7 24. Nc5 Reg7 25. g3 Rg4 26. Qf7 R4g7 27. Nxd7 Qc6 28. Qf3 Qxd7 29. Ra3 Qe8 30. Rc3+ Kb8 31. Rb1 Rg4 32. Rcb3 R8g7 33. h6 Rg8 34. Rxb7+ Ka8 35. h7 R8g5 36. Rf7 Rg7 37. Rf8 Rxg3+ 38. fxg3 Rxg3+ 39. Qxg3 Qxf8 40. Qg8 Ka7 41. Qxf8 a5 42. Qb8+ 1-0


[Site "https://www.chess.com"]

[Event "Titled Tuesday Blitz March 07 Early 2023"]
[White "Benaddi, Mouhcine"]
[Black "Theytookourjobs"]
[WhiteFideId "9001050"]
[WhiteElo "2036"]
[BlackElo "2251"]
[Result "1-0"]
[Round "04"]
[TimeControl "180+2"]
[Date "2023.03.07"]
[WhiteClock "0:00:55"]
[BlackClock "0:00:16"]

1. Nf3 f5 2. g3 Nf6 3. Bg2 d6 4. O-O e5 5. d3 Be7 6. c4 O-O 7. Nc3 c6 8. Rb1 a5 9. a3 Na6 10. b4 axb4 11. axb4 Nc7 12. b5 Bd7 13. bxc6 bxc6 14. Rb7 Ne6 15. Bd2 Nc5 16. Rb2 Qc7 17. Qb1 Rfb8 18. d4 Rxb2 19. Qxb2 Nce4 20. dxe5 dxe5 21. Nxe4 Nxe4 22. Be3 Bf6 23. c5 Be6 24. Qb6 Rc8 25. Rb1 Nc3 26. Qxc7 Rxc7 27. Rb8+ Kf7 28. Kf1 Bc4 29. Ng1 Bd5 30. Bd2 Bxg2+ 31. Kxg2 e4 32. Bf4 Re7 33. Rc8 Re6 34. Rc7+ Kg6 35. Nh3 Nxe2 36. Kf1 Nxf4 37. Nxf4+ 1-0


[Site "https://www.chess.com"]